 Dungeon Crawl Stone Soup version 0.29.0-7-g18a832c13a (webtiles) character file.

Game seed: 3056128958931857796

445 Arum the Shield-Bearer (level 7, 0/56 HPs)
             Began as a Formicid Fighter on Aug 30, 2022.
             Slain by Blork the orc
             ... wielding a +0 halberd
              (12 damage)
             ... on level 5 of the Dungeon.
             The game lasted 00:03:26 (4707 turns).

Arum the Shield-Bearer (Formicid Fighter)           Turns: 4707, Time: 00:03:27

Health: 0/56       AC:  7    Str: 23    XL:     7   Next: 24%
Magic:  7/7        EV:  9    Int:  7    God:
Gold:   184        SH:  5    Dex: 13    Spells: 6/6 levels left

rFire   + . .      SeeInvis +   a - +0 quarterstaff
rCold   . . .      Faith    .   c - +0 buckler
rNeg    . . .      Spirit   .   b - +0 scale mail
rPois   .          Reflect  .   (helmet unavailable)
rElec   .          Harm     .   (no cloak)
rCorr   .          Rampage  .   (no gloves)
Will    .....                   (no boots)
Stlth   ..........              (no amulet)
HPRegen 0.18/turn               n - ring of protection from fire
MPRegen 0.10/turn               (no ring)

@: mighty
A: permanent stasis, dig shafts and tunnels, antennae 3, four strong arms
a: Dig, Shaft Self


You were on level 5 of the Dungeon.
You visited 1 branch of the dungeon, and saw 5 of its levels.

You collected 184 gold pieces.

Inventory:

Hand Weapons
 a - a +0 quarterstaff (weapon)
Armour
 b - a +0 scale mail (worn)
 c - a +0 buckler (worn)
Jewellery
 n - a ring of protection from fire (left hand)
Wands
 r - a wand of iceblast (4)
Scrolls
 e - 4 scrolls of teleportation {unknown}
 f - a scroll of noise {unknown}
 h - 6 scrolls of identify {unknown}
 i - 2 scrolls of vulnerability {unknown}
 j - a scroll of enchant armour {unknown}
 l - a scroll of torment {unknown}
 m - a scroll of acquirement {unknown}
 o - 3 scrolls of fog {unknown}
 p - 2 scrolls of poison {unknown}
 q - 2 scrolls of magic mapping {unknown}
 s - a scroll of enchant weapon {unknown}
Potions
 d - a potion of might
 g - a potion of curing {unknown}
 k - 2 potions of heal wounds {unknown}


   Skills:
 + Level 5.0 Fighting
 + Level 3.9 Staves
 + Level 5.1 Armour
 + Level 6.0 Shields


You had 6 spell levels left.
You didn't know any spells.
Your spell library was empty.

Dungeon Overview and Level Annotations

Branches:
Dungeon (5/15)
 Temple: D:4-7

Altars:
Kikubaaqudgha

Annotations:
D:5 Blork the orc


Innate Abilities, Weirdness & Mutations

You cannot be hasted, slowed, berserked, paralysed or teleported.
You can dig through walls and to a lower floor.
You have a pair of large antennae on your head. (SInv)
Your four strong arms can wield two-handed weapons with a shield.


Message History

Blork the orc gestures wildly while chanting.
Blork the orc seems to speed up.
The adder bites you.
You miss the adder. The adder closely misses you.
You sock the adder!
You kill the adder!
Blork the orc looks satisfied for a moment.
Blork the orc hits you with a +0 halberd!
Blork the orc hits you with a +0 halberd.
You barely miss Blork the orc.
Blork the orc casts a cantrip, but nothing happens.
You barely miss Blork the orc. You block Blork the orc's attack.
Blork the orc closely misses you.
You thump Blork the orc!
Blork the orc is heavily wounded.
Blork the orc hits you with a +0 halberd!
Blork the orc miscasts a cantrip.
You are too injured to fight recklessly!
You are too injured to fight recklessly!
You are too injured to fight recklessly!
You are too injured to fight recklessly!
You are too injured to fight recklessly!
Unknown command.
You closely miss Blork the orc.
Blork the orc is heavily wounded.
Blork the orc hits you with a +0 halberd!
Blork the orc completely misses you.
You feel very mighty all of a sudden. Blork the orc closely misses you.
You closely miss Blork the orc.
Blork the orc is heavily wounded.
You block Blork the orc's attack.
Blork the orc begins to cast a cantrip, but forgets the words!
You hit Blork the orc.
Blork the orc is heavily wounded.
Blork the orc hits you with a +0 halberd.
* * * LOW HITPOINT WARNING * * *
You sock Blork the orc!
Blork the orc is almost dead.
Blork the orc hits you with a +0 halberd!
You die...

### .. #####.
......#########.#
#......(.....#
#.<..@o......
#############


You could see Blork the orc (fast).

Vanquished Creatures
  An ogre (D:4)
  A scorpion (D:4)
  2 jellies (D:4)
  An orc priest (D:3)
  2 iguanas
  7 adders
  6 dart slugs
  6 orcs (D:3)
  5 endoplasms
  6 giant cockroaches
  5 goblins
  6 hobgoblins
  4 jackals (D:4)
  4 quokkas
  7 ball pythons
  9 bats
  3 frilled lizards
  7 kobolds
  14 rats
96 creatures vanquished.

Notes
Turn   | Place    | Note
-------+----------+-------------------------------------------
     0 | D:1      | Arum the Formicid Fighter began the quest for the Orb.
     0 | D:1      | Reached XP level 1. HP: 18/18 MP: 1/1
    25 | D:1      | Reached XP level 2. HP: 22/24 MP: 2/2
   121 | D:1      | Found a faded altar of an unknown god.
   436 | D:1      | Reached XP level 3. HP: 23/29 MP: 3/3
   752 | D:1      | You fall into a shaft and drop 1 floor!
   820 | D:2      | Found an ancient bone altar of Kikubaaqudgha.
  1519 | D:2      | Reached XP level 4. HP: 37/37 MP: 4/4
  2334 | D:3      | Reached XP level 5. HP: 39/40 MP: 5/5
  2494 | D:3      | Reached skill level 5 in Shields
  3582 | D:4      | Reached XP level 6. HP: 49/49 MP: 6/6
  3597 | D:4      | Noticed an ogre
  3599 | D:4      | Killed an ogre
  3988 | D:4      | Reached XP level 7. HP: 32/55 MP: 7/7
  4162 | D:4      | Reached skill level 5 in Armour
  4370 | D:4      | Reached skill level 5 in Fighting
  4370 | D:4      | Reached skill level 6 in Shields
  4690 | D:5      | Entered Level 5 of the Dungeon
  4695 | D:5      | Noticed Blork the orc
  4707 | D:5      | Slain by Blork the orc

Illustrated notes

Levels and vault maps discovered:
D:1:      lightli_arrival_statuegarden, layout_basic,
          dreamdust_ecumenical_altar_grove, minmay_ruptured
D:2:      layout_basic, basic_altar
D:3:      layout_basic, minmay_starry_boxes
D:4:      layout_basic
D:5:      layout_loops_ring, ebering_ghost_sewer_d, uniq_blork_the_orc,
          uniq_pikel

Skill      XL: |  1  2  3  4  5  6  7 |
---------------+----------------------+-----
Fighting       | 4 5 |  5.0
Armour         | 4 5 |  5.1
Shields        | 5 6 |  6.0
Staves         | 3 |  3.9

Action                   |  1- 3 |  4- 6 |  7- 9 || total
-------------------------+-------+-------+-------++-------
Melee: Quarterstaff      |   107 |   125 |    42 ||   274
 Abil: Dig               |       |     1 |       ||     1
Evoke: Wand              |       |     2 |       ||     2
  Use: Potion            |       |       |     1 ||     1
Armor: Scale mail        |    63 |    60 |     8 ||   131
Dodge: Dodged            |    47 |    50 |    14 ||   111
Block: Buckler           |    27 |    29 |    13 ||    69
